 Dungeon Crawl Stone Soup version 0.25-a0-861-g340c9e8194 (webtiles) character file.

Game seed: 15725913610713680034, levelgen mode: deterministic

65010 Lugonue the Carver (level 15, -1/92 HPs)
             Began as a Tengu Fighter on Apr 29, 2020.
             Was the Champion of Okawaru.
             Killed from afar by a lindwurm (15 damage)
             ... with a blast of flame
             ... on level 6 of the Lair of Beasts.
             The game lasted 00:47:57 (17915 turns).

Lugonue the Carver (Tengu Fighter)                 Turns: 17915, Time: 00:47:58

Health: -1/92      AC: 11    Str: 19    XL:     15   Next: 15%
Magic:  12/19      EV: 31    Int: 13    God:    Okawaru [******]
Gold:   3072       SH: 18    Dex: 15    Spells: 15/19 levels left

rFire    + . .     SeeInvis .   k - +5 falchion of Kayh {freeze, Str+2}
rCold    . . .     Gourm    .   L - +1 kite shield {rF+}
rNeg     . . .     Faith    .   v - +0 steam dragon scales
rPois    .         Spirit   .   (helmet restricted)
rElec    .         Reflect  +   H - +0 cloak
rCorr    .         Harm     .   u - +1 pair of gloves
MR       +....                  (boots unavailable)
Stlth    ++++++....             E - +2 amulet of reflection
HPRegen  0.25/turn              G - +2 ring of evasion
MPRegen  0.16/turn              i - ring of stealth

@: heroism, flying quickly and evasively, very slightly contaminated, quick
A: beak, talons 3, able to fly
a: Stop Flying, Heroism, Finesse, Renounce Religion


You were on level 6 of the Lair of Beasts.
You worshipped Okawaru.
Okawaru was exalted by your worship.
You were hungry.

You visited 2 branches of the dungeon, and saw 15 of its levels.
You also visited: Sewer and Bailey.

You collected 3286 gold pieces.
You spent 214 gold pieces at shops.

Inventory:

Hand Weapons
 a - a +2 scimitar of flaming
 b - a +3 demon blade of pain
 k - the +5 falchion of Kayh (weapon) {freeze, Str+2}
   (You found it on level 3 of the Lair of Beasts)

   It has been specially enchanted to freeze those struck by it, causing extra
   injury to most foes and up to half again as much damage against particularly
   susceptible opponents.
   It can also slow down cold-blooded creatures.
   It affects your strength (+2).
 y - a +4 vorpal scimitar
Armour
 u - a +1 pair of gloves (worn)
 v - +0 steam dragon scales (worn)
 H - a +0 cloak (worn)
 L - a +1 kite shield of fire resistance (worn)
Jewellery
 i - a ring of stealth (right hand)
 n - an uncursed ring of ice
 E - a +2 amulet of reflection (around neck)
 G - a +2 ring of evasion (left hand)
 Y - an uncursed ring of see invisible
Wands
 c - a wand of scattershot (10)
 o - a wand of acid (7)
 B - a wand of flame (30)
 F - a wand of paralysis (17)
 J - a wand of digging (6)
 K - a wand of iceblast (6)
 M - a wand of random effects (18)
 S - a wand of disintegration (17)
 V - a wand of enslavement (10)
Scrolls
 g - 4 scrolls of identify
 h - 6 scrolls of teleportation
 j - 2 scrolls of blinking
 p - 9 scrolls of remove curse
 q - 2 scrolls of enchant armour
 r - a scroll of fog
 t - 4 scrolls of magic mapping
 z - a scroll of fear
 C - 2 scrolls of torment
 O - 2 scrolls of amnesia
 P - a scroll of brand weapon
 Q - a scroll of silence
Potions
 d - 2 potions of might
 e - 7 potions of curing
 l - 5 potions of brilliance
 m - 4 potions of haste
 s - 2 potions of lignification
 w - 3 potions of stabbing
 x - a potion of ambrosia
 D - 2 potions of berserk rage
 I - a potion of magic {unknown}
 N - 3 potions of flight {unknown}
 R - a potion of heal wounds
 T - 2 potions of invisibility
Comestibles
 f - 27 rations


   Skills:
 - Level 10.2(15.2) Fighting
 * Level 14.9(19.9) Long Blades
 + Level 1.2(6.2) Throwing
 + Level 6.2(11.2) Armour
 * Level 11.9(16.9) Dodging
 + Level 7.5(12.5) Stealth
 + Level 13.5(18.5) Shields
 + Level 2.6 Spellcasting
 + Level 3.6 Conjurations
 + Level 0.6 Hexes
 + Level 2.3 Invocations
 + Level 1.0 Evocations


You had 15 spell levels left.
You knew the following spells:

 Your Spells              Type           Power        Failure   Level  Hunger
a - Magic Dart            Conj           ##..         5%          1    #......
b - Dazzling Flash        Conj/Hex       #.....       30%         3    ###....

Your spell library contained the following spells:

 Spells                   Type           Power        Failure   Level  Hunger
 Searing Ray              Conj           ##....       9%          2    ###....
 Summon Small Mammal      Summ           #...         24%         1    #......
 Call Imp                 Summ           #.......     36%         2    ###....
 Summon Guardian Golem    Hex/Summ       #.......     54%         3    ###....
 Call Canine Familiar     Summ           #.......     58%         3    ###....
 Ignite Poison            Fire/Tmut/Pois #.......     58%         3    ###....
 Fulminant Prism          Conj/Hex       #.........   69%         4    #####..
 Iskenderun's Mystic Bla  Conj/Tloc      #.......     75%         4    #####..
 Summon Ice Beast         Ice/Summ       #.......     94%         4    #####..
 Summon Lightning Spire   Summ/Air       #.......     94%         4    #####..
 Fireball                 Conj/Fire      #.........   97%         5    ######.
 Starburst                Conj/Fire      #.........   100%        6    #######
 Ring of Flames           Chrm/Fire      #.........   100%        7    #######
 Ignition                 Fire           #.........   100%        8    #######


Dungeon Overview and Level Annotations

Branches:
Dungeon (9/15)             Temple (0/1) D:6            Lair (6/6) D:8
 Shoals (0/4) Lair:2       Spider (0/4) Lair:4        Slime (0/5) Lair:5
    Orc (0/2) D:9           Sewer (visited)          Bailey (visited)

Altars:
Cheibriados
Hepliaklqana
Makhleb
Nemelex Xobeh
Okawaru
Ru
Trog
Jiyva

Shops:
D:7 [*

Annotations:
D:3 1 runed translucent door, sixsigma's ghost, amateur GnWz


Innate Abilities, Weirdness & Mutations

You have a beak for a mouth.
You have claws for feet.
You can fly continuously.


Message History

Your peck misses the lindwurm.
The lindwurm is severely wounded.
The manticore bites you!
* * * LOW HITPOINT WARNING * * *
The manticore misses you. You block the manticore's attack.
You block the lindwurm's attack. x3
Okay, then.
Blink to where?
Press: ? - help, Dir - move target cursor
As you read the scroll of blinking, it crumbles to dust.
Okay, then.
Evoke which item? (* to show all) (? for menu, Esc to quit)
Aiming: Iceblast
Press: ? - help, Shift-Dir - straight line, f - lindwurm
Aim: a lindwurm (severely wounded)
The mass of ice explodes!
The iceblast engulfs the lindwurm.
The lindwurm is severely wounded.
The lindwurm breathes flames at you. The blast of flame hits you! You resist.
You die...

.........................÷.......
.................................
...........#.....................
.........####....................
##..####..# ###..##..###.........
##### #### ######## #.........
P.### ####.P.#####........
...P#### ###.P.....P..###......
.......## ##....@.......####.....
#.#.....###.....###.#k...#.#.....
..#......#......#...#......##....
÷.#.#†..###.....#÷..#.k...###....
†.#..÷###(###.......##§H#..###..#
####.......#...########†..## ###.
##P....#...#....P##.H...#..# #..
##.........#.....##!??....## ##.
##.....#####....###.$w...## ##


You could see a lindwurm.

Vanquished Creatures
  An orc warlord (Bailey)
  Fannar (Lair:2)
  Harold (D:7)
  9 hydras
  Erica (D:9)
  2 catoblepae (Lair:6)
  A two-headed ogre (D:8)
  A death yak (Lair:6)
  2 lindwurms (Lair:6)
  2 orc knights (Bailey)
  A wolf spider (Lair:4)
  A manticore (Lair:6)
  6 elephants
  Maurice (D:8)
  3 black mambas
  14 spiny frogs
  2 torpor snails
  Maggie (D:7)
  7 komodo dragons
  3 rime drakes
  A jumping spider (Lair:4)
  Grinder (D:5)
  Prince Ribbit (D:7)
  19 blink frogs
  9 dream sheep
  10 hippogriffs
  2 basilisks
  57 yaks
  3 hogs (D:7)
  A human (D:7)
  3 wargs (D:9)
  Duvessa (D:5)
  9 water moccasins
  9 orc warriors (Bailey)
  6 porcupines
  2 ice beasts
  A black bear (Lair:2)
  A hornet zombie (D:8)
  5 sky beasts
  3 ogres
  12 wolves
  5 centaurs
  17 crocodiles
  11 bullfrogs
  Dowan (D:5)
  5 scorpions
  5 killer bees (D:8)
  3 vampire bats (Lair:5)
  8 wights
  4 howler monkeys
  A centaur zombie (D:5)
  6 crimson imps
  2 jellies
  2 quasits
  A centaur skeleton (D:8)
  3 orc priests
  6 hounds
  3 bullfrog skeletons
  Jessica (D:2)
  9 orc wizards
  2 iguanas
  3 worker ants
  A killer bee zombie (D:8)
  2 hound skeletons
  Robin (D:4)
  A howler monkey zombie (D:6)
  2 worker ant zombies
  16 gnolls
  6 adders
  3 shadow imps
  6 worms
  4 leopard geckos
  44 orcs
  4 ball pythons
  5 giant cockroaches
  36 goblins
  18 hobgoblins
  14 jackals
  11 kobolds
  2 quokkas
  10 bats
  14 frilled lizards
  A jackal zombie (D:8)
  2 leopard gecko skeletons (D:4)
  A leopard gecko zombie (D:6)
  11 rats
529 creatures vanquished.

Vanquished Creatures (others)
  A spiny frog (Lair:6)
  A rime drake (Lair:6)
  2 centaurs (Lair:2)
  A bush (Lair:1)
  13 fungi
  29 plants
47 creatures vanquished.

Grand Total: 576 creatures vanquished

Notes
Turn   | Place    | Note
-------+----------+-------------------------------------------
     0 | D:1      | Lugonue the Tengu Fighter began the quest for the Orb.
     0 | D:1      | Reached XP level 1. HP: 14/14 MP: 2/2
   166 | D:1      | Reached XP level 2. HP: 19/19 MP: 3/3
   617 | D:2      | Found an iron altar of Okawaru.
   637 | D:2      | Became a worshipper of Warmaster Okawaru
   739 | D:2      | Reached XP level 3. HP: 17/23 MP: 4/4
  1438 | D:2      | Noticed Jessica
  1453 | D:2      | Killed Jessica
  1453 | D:2      | Reached skill level 3 in Long Blades
  1453 | D:2      | Reached XP level 4. HP: 20/28 MP: 5/5
  1727 | D:3      | Found a runed translucent door.
  1728 | D:3      | Noticed sixsigma's ghost (amateur GnWz)
  2126 | D:4      | Reached skill level 1 in Dodging
  2316 | D:4      | Reached skill level 1 in Stealth
  2316 | D:4      | Gained mutation: You can fly continuously. [Tengu growth]
  2316 | D:4      | Reached XP level 5. HP: 15/32 MP: 6/6
  2671 | D:4      | Noticed Robin
  2680 | D:4      | Killed Robin
  2937 | D:4      | Reached * piety under Okawaru
  3261 | D:5      | Entered Level 5 of the Dungeon
  3261 | D:5      | Noticed a centaur
  3263 | D:5      | Reached XP level 6. HP: 38/38 MP: 7/7
  3272 | D:5      | Noticed Duvessa
  3272 | D:5      | Noticed Dowan
  3272 | D:5      | Reached skill level 4 in Long Blades
  3447 | D:5      | Noticed Grinder
  3467 | D:5      | Killed Grinder
  3467 | D:5      | Reached skill level 5 in Armour
  3467 | D:5      | Reached XP level 7. HP: 34/43 MP: 6/8
  3551 | D:5      | Killed Duvessa
  3551 | D:5      | Reached ** piety under Okawaru
  3561 | D:5      | Killed Dowan
  3670 | D:5      | Reached XP level 8. HP: 38/48 MP: 9/9
  3710 | D:5      | Reached skill level 5 in Long Blades
  3905 | D:5      | Reached *** piety under Okawaru
  4012 | D:5      | Found a sparkling altar of Nemelex Xobeh.
  4512 | D:6      | Reached skill level 5 in Shields
  4552 | D:6      | Got a heavily runed leather armour
  4563 | D:6      | Identified the +2 leather armour of Coronation {Int+3} (You
                  | found it on level 6 of the Dungeon)
  4587 | D:6      | Reached skill level 6 in Long Blades
  4623 | D:6      | Found a glowing drain.
  4695 | Sewer    | Entered a sewer
  5396 | D:5      | Found a sacrificial altar of Ru.
  5718 | D:6      | Found a staircase to the Ecumenical Temple.
  5797 | D:6      | Reached skill level 5 in Stealth
  5797 | D:6      | Reached XP level 9. HP: 47/52 MP: 10/10
  6145 | D:7      | Noticed Prince Ribbit
  6167 | D:7      | Found a flagged portal.
  6180 | Bailey   | Entered a bailey
  6201 | Bailey   | Learned a level 1 spell: Magic Dart
  6337 | Bailey   | Reached **** piety under Okawaru
  6375 | Bailey   | Noticed an orc knight
  6422 | Bailey   | Killed an orc knight
  6422 | Bailey   | Reached skill level 7 in Long Blades
  6422 | Bailey   | Reached skill level 5 in Dodging
  6422 | Bailey   | Reached skill level 1 in Conjurations
  6513 | Bailey   | Reached skill level 8 in Long Blades
  6636 | Bailey   | Noticed an orc knight
  6684 | Bailey   | Reached skill level 5 in Fighting
  6716 | Bailey   | Noticed an orc warlord
  6968 | Bailey   | Killed an orc knight
  6968 | Bailey   | Reached skill level 9 in Long Blades
  6968 | Bailey   | Reached XP level 10. HP: 44/59 MP: 8/11
  7011 | Bailey   | Killed an orc warlord
  7011 | Bailey   | Reached ***** piety under Okawaru
  7011 | Bailey   | Reached skill level 10 in Long Blades
  7011 | Bailey   | Reached skill level 1 in Throwing
  7011 | Bailey   | Reached skill level 1 in Invocations
  7310 | Bailey   | Received a gift from Okawaru
  7421 | D:7      | Noticed Maggie
  7429 | D:7      | Reached XP level 11. HP: 64/64 MP: 12/12
  7430 | D:7      | Reached skill level 10 in Fighting
  7430 | D:7      | Reached XP level 12. HP: 77/77 MP: 13/13
  7435 | D:7      | Learned a level 3 spell: Dazzling Flash
  7451 | D:7      | Killed Maggie
  7462 | D:7      | Found Leideeve's Assorted Antiques.
  7749 | D:7      | Noticed Harold
  7768 | D:7      | Killed Harold
  7940 | D:7      | Found Nisecya's Armour Boutique.
  7948 | D:7      | Bought a +1 kite shield of fire resistance for 214 gold
                  | pieces
  7994 | D:7      | Killed Prince Ribbit
  8401 | D:8      | Noticed Maurice
  8412 | D:8      | Killed Maurice
  8412 | D:8      | Reached skill level 11 in Long Blades
  8547 | D:8      | Found a burning altar of Makhleb.
  8653 | D:8      | Found a staircase to the Lair.
  8920 | D:8      | Noticed a two-headed ogre
  8927 | D:8      | Killed a two-headed ogre
  8927 | D:8      | Reached XP level 13. HP: 64/82 MP: 11/14
  8999 | D:8      | Found a snail-covered altar of Cheibriados.
  9267 | D:9      | Found a staircase to the Orcish Mines.
  9272 | D:9      | Received a gift from Okawaru
  9272 | D:9      | Reached skill level 1 in Spellcasting
  9770 | D:9      | Noticed Erica
  9779 | D:9      | Killed Erica
  9955 | D:9      | Found a hazy altar of Hepliaklqana.
 10105 | Lair:1   | Entered Level 1 of the Lair of Beasts
 10126 | Lair:1   | Reached skill level 12 in Long Blades
 10158 | Lair:1   | Received a gift from Okawaru
 10170 | Lair:1   | Got a polished rapier {god gift}
 10171 | Lair:1   | Identified the +10 rapier of the Princes {speed, rC+ Str-2
                  | Int+3} (Okawaru gifted it to you on level 1 of the Lair of
                  | Beasts)
 11535 | Lair:2   | Found a staircase to the Shoals.
 11575 | Lair:1   | Received a gift from Okawaru
 11967 | D:8      | Identified a scroll of acquirement
 11967 | D:8      | Identified the +0 cloak "Luimmor" {+Fly rN+} (You acquired
                  | it on level 8 of the Dungeon)
 12533 | Lair:2   | Noticed Fannar
 12547 | Lair:2   | Killed Fannar
 12745 | Lair:2   | Reached skill level 1 in Evocations
 12802 | Lair:2   | Reached skill level 13 in Long Blades
 13326 | Lair:2   | Received a gift from Okawaru
 13632 | Lair:3   | Reached XP level 14. HP: 88/88 MP: 15/18
 14175 | Lair:3   | Got a smoking falchion
 14191 | Lair:3   | Identified the +5 falchion of Kayh {freeze, Str+2} (You
                  | found it on level 3 of the Lair of Beasts)
 14363 | Lair:3   | Reached skill level 14 in Long Blades
 15242 | Lair:4   | Found a bloodstained altar of Trog.
 15476 | Lair:4   | Found a hole to the Spider Nest.
 15846 | Lair:5   | Reached skill level 10 in Dodging
 15867 | Lair:5   | Found a staircase to the Slime Pits.
 15867 | Lair:5   | Found a viscous altar of Jiyva.
 16093 | Lair:5   | Reached ****** piety under Okawaru
 16256 | Lair:5   | You are sucked into a shaft and drop 1 floor!
 16256 | Lair:6   | Entered Level 6 of the Lair of Beasts
 16287 | Lair:6   | Received a gift from Okawaru
 17010 | Lair:6   | Received a gift from Okawaru
 17205 | Lair:6   | Reached XP level 15. HP: 71/92 MP: 19/19
 17915 | Lair:6   | Killed from afar by a lindwurm

Levels and vault maps discovered:
D:1:      dpeg_arrival_lava_temple_mockup, layout_basic,
          wander_ebering_terrifying_dragon_lair
D:2:      layout_loops_ring, okawaru_gym_becter, kennysheep_decorative_pillar,
          uniq_jessica
D:3:      layout_basic, ebering_ghost_sewer_d
D:4:      kennysheep_goblin_castle, layout_rooms,
          minmay_misc_feat_secret_circle, chequers_mini_garden,
          kennysheep_small_spiral, grunt_decor_cap
D:5:      layout_rooms, nicolae_overflow_hidden_temple, first_ration,
          minmay_fractal_squares_gapless_5, uniq_duvessa, uniq_grinder
D:6:      layout_basic, minmay_temple_entry_offerings,
          cheibrodos_sewer_entry_bend, minmay_fractal_squares_diagonal_5
D:7:      layout_gridville, enter_bailey_7, serial_shops, shop,
          nicolae_shop_crystal, grunt_livestock, uniq_maggie, uniq_harold,
          uniq_prince_ribbit1
D:8:      layout_loops_ring, slow_altar_2, lightli_temple_of_fire,
          david_lair_generic, uniq_maurice
D:9:      layout_cave_pools, marbit_many_paths, minmay_orc_entry_guard_dogs,
          uniq_erica
Lair:1:   layout_layer_cave, columned_hall_lemuel, beast_lair_carwin_1
Lair:2:   layout_gridlike, minmay_shoals_entry_centaurs, uniq_fannar
Lair:3:   layout_chaotic_city
Lair:4:   layout_long_grid, spider_nest_entry_funnel_web, basic_altar
Lair:5:   layout_small_grid, slime_altar_1, roderic_batcave,
          gammafunk_lair_bear_cave
Lair:6:   hangedman_lair_in_review, layout_cave_shapes, nicolae_lair_yak_garden,
          lemuel_fruit_tree

Skill      XL: |  1  2  3  4  5  6  7  8  9 10 11 12 13 14 |
---------------+-------------------------------------------+-----
Long Blades    | 3 4 6 9 10 11 13 14 | 14.9
Armour         | 4 5 6 |  6.2
Dodging        | 1 2 3 4 5 6 9 11 | 11.9
Stealth        | 1 2 3 5 6 7 |  7.5
Fighting       | 4 5 10 | 10.2
Shields        | 4 5 6 11 12 13 | 13.5
Conjurations   | 1 2 3 |  3.6
Throwing       | 1 |  1.2
Invocations    | 1 2 |  2.3
Spellcasting   | 2 |  2.6
Evocations     | 1 |  1.0
Hexes          | |  0.6

Action                   |  1- 3 |  4- 6 |  7- 9 | 10-12 | 13-15 || total
-------------------------+-------+-------+-------+-------+-------++-------
Melee: Long sword        |    75 |    18 |   169 |   209 |   148 ||   619
       Kick              |    19 |    37 |    98 |    64 |   449 ||   667
       Peck              |    12 |    25 |    54 |    46 |   306 ||   443
       Short sword       |       |   103 |   181 |       |       ||   284
       Demon blade       |       |       |       |       |   221 ||   221
       Rapier            |       |       |       |       |   138 ||   138
       Scimitar          |       |       |       |       |    68 ||    68
       Falchion          |       |       |       |       |   501 ||   501
Throw: Dart              |       |       |     8 |     6 |     3 ||    17
 Cast: Magic Dart        |       |       |     6 |     2 |    74 ||    82
       Dazzling Flash    |       |       |       |       |     5 ||     5
Invok: Heroism           |       |     1 |    11 |     6 |    15 ||    33
 Abil: Fly               |       |     1 |       |       |       ||     1
Evoke: Wand              |       |     1 |     6 |     1 |     6 ||    14
  Use: Scroll            |       |       |    12 |    10 |    16 ||    38
       Potion            |       |       |     4 |     4 |     9 ||    17
 Stab: Sleeping          |       |     7 |    11 |    10 |    19 ||    47
       Distracted        |       |     1 |     3 |     1 |     2 ||     7
       Invisible         |       |       |       |     2 |     1 ||     3
  Eat: Chunk             |     2 |     6 |     1 |     3 |    28 ||    40
       Ration            |       |       |     4 |       |     1 ||     5
Armor: Scale mail        |    16 |       |       |       |       ||    16
       Ring mail         |    11 |    29 |    17 |       |       ||    57
       Leather armour    |       |       |    29 |       |       ||    29
       Steam dragon scal |       |       |       |    20 |    98 ||   118
Dodge: Dodged            |    21 |    40 |   132 |    66 |   490 ||   749
Block: Kite shield       |    38 |    65 |   163 |   101 |   622 ||   989
       Reflection        |       |       |       |     9 |     9 ||    18
       Rpst.: Long sword |     9 |       |    19 |    10 |    18 ||    56
       Demon blade       |       |       |       |       |    23 ||    23
       Scimitar          |       |       |       |       |     7 ||     7
       Falchion          |       |       |       |       |    55 ||    55

Table legend:
 A = Non-vault XP
 B = Vault XP
 C = Vault XP percentage of total XP
 D = Non-vault monster count
 E = Vault monster count
 F = Vault count percentage of total count
                 A         B        C        D         E       F
            +---------+---------+-------+---------+---------+-------
      Total |   51226 |   23100 |  31.1 |     352 |     181 |  34.0
            +---------+---------+-------+---------+---------+-------
        D:1 |      25 |       1 |   3.8 |      16 |       1 |   5.9
        D:2 |      29 |      37 |  56.1 |      16 |       1 |   5.9
        D:3 |      38 |       0 |   0.0 |      20 |       0 |   0.0
        D:4 |      97 |      89 |  47.8 |      13 |      21 |  61.8
        D:5 |     799 |     544 |  40.5 |      21 |       4 |  16.0
        D:6 |     898 |     142 |  13.7 |      21 |       7 |  25.0
        D:7 |     235 |    2713 |  92.0 |       4 |      12 |  75.0
        D:8 |    2567 |    1374 |  34.9 |      37 |       6 |  14.0
        D:9 |    1620 |    1410 |  46.5 |      34 |       5 |  12.8
     Lair:1 |    5926 |     796 |  11.8 |      26 |       6 |  18.8
     Lair:2 |   10442 |    1345 |  11.4 |      33 |       4 |  10.8
     Lair:3 |    6357 |       0 |   0.0 |      29 |       0 |   0.0
     Lair:4 |    3469 |     836 |  19.4 |       9 |       2 |  18.2
     Lair:5 |    5303 |     183 |   3.3 |      24 |       9 |  27.3
     Lair:6 |   13421 |    9272 |  40.9 |      49 |      21 |  30.0
      Sewer |       0 |      41 | 100.0 |       0 |      14 | 100.0
     Bailey |       0 |    4317 | 100.0 |       0 |      68 | 100.0
            +---------+---------+-------+---------+---------+-------
